1901 views
Uploaded 2023-01-05 23:44:52
Game version 1.32.10
14:49 long 1on1 ladder game on (4)TwistedMeadows
Saved by DKnight
1901 views
Uploaded 2023-01-05 23:44:52
Game version 1.32.10
14:49 long 1on1 ladder game on (4)TwistedMeadows

31 units @ 4.2k
/ 0.3k
10 buildings @ 1.6k
/ 0.7k


| Rod of Necromancy | 3 | 450 |
| Sacrificial Skull | 1 | 50 |
| Potion of Healing | 4 | 600 |
| Potion of Mana | 2 | 400 |
| Orb of Corruption | 1 | 375 |
| Scroll of Town Portal | 1 | 350 |
| Boots of Speed | 1 | 250 |
| total: | 13 | 2475g |
| Acolyte | 5 | 375 | / | 0 |
| Ghoul | 16 | 1920 | / | 0 |
| Crypt Fiend | 6 | 1290 | / | 240 |
| Banshee | 1 | 155 | / | 30 |
| Necromancer | 3 | 435 | / | 60 |
| total: | 31 | 4175g | / | 330w |
| Nerubian Tower | 2 | 200 | / | 40 |
| Ziggurat | 3 | 450 | / | 150 |
| Crypt | 1 | 200 | / | 50 |
| Tomb of Relics | 1 | 130 | / | 30 |
| Altar of Darkness | 1 | 180 | / | 50 |
| Graveyard | 1 | 215 | / | 0 |
| Temple of the Damned | 1 | 155 | / | 140 |
| Slaughterhouse | 2 | 280 | / | 270 |
| Halls of the Dead | 1 | 320 | / | 210 |
| Black Citadel | 1 | 325 | / | 230 |
| total: | 10 | 1610g | / | 690w |
| 0:03 | Acolyte |
| 0:09 | Ziggurat |
| 0:11 | Crypt |
| 0:17 | Acolyte |
| 0:34 | Tomb of Relics |
| 0:54 | Altar of Darkness |
| 1:05 | Acolyte |
| 1:12 | Acolyte |
| 1:17 | Ghoul |
| 1:24 | Ziggurat |
| 1:37 | Ghoul |
| 1:46 | Backpack |
| 1:55 | Ghoul |
| 2:11 | Rod of Necromancy |
| 2:23 | Ghoul |
| 2:35 | Rain of Fire |
| 2:41 | Ghoul |
| 2:43 | Nerubian Tower |
| 3:11 | Ghoul |
| 3:13 | Ziggurat |
| 3:45 | Cleaving Attack |
| 3:50 | Ghoul |
| 4:11 | Acolyte |
| 4:23 | Ghoul |
| 4:35 | Graveyard |
| 4:36 | Ghoul |
| 4:53 | Nerubian Tower |
| 5:56 | Halls of the Dead |
| 5:57 | Ghoul |
| 6:03 | Crypt Fiend |
| 6:10 | Rod of Necromancy |
| 6:10 | Sacrificial Skull |
| 6:14 | Crypt Fiend |
| 6:49 | Cleaving Attack |
| 6:58 | Crypt Fiend |
| 7:29 | Boots of Speed |
| 7:32 | Crypt Fiend |
| 7:48 | Crypt Fiend |
| 8:28 | Rain of Fire |
| 9:11 | Black Citadel |
| 9:11 | Crypt Fiend |
| 9:14 | Temple of the Damned |
| 9:15 | Slaughterhouse |
| 9:44 | Potion of Healing |
| 9:45 | Potion of Healing |
| 9:46 | Potion of Mana |
| 9:48 | Scroll of Town Portal |
| 10:08 | Rod of Necromancy |
| 10:14 | Potion of Healing |
| 10:22 | Ghoul |
| 10:37 | Banshee |
| 11:12 | Slaughterhouse |
| 12:22 | Ghoul |
| 12:23 | Ghoul |
| 12:23 | Ghoul |
| 12:30 | Necromancer |
| 12:44 | Ghoul |
| 12:45 | Ghoul |
| 12:59 | Orb of Corruption |
| 13:06 | Necromancer |
| 13:15 | Death Coil |
| 13:42 | Necromancer |
| 13:43 | Necromancer Adept Training |
| 14:32 | Potion of Healing |
| 14:33 | Potion of Mana |
| Right click | 615 |
| Select | 314 |
| Build/train/purchase | 83 |
| Select group | 58 |
| Assign group | 35 |
| Chat | 24 |
| Use ability | 15 |
| Misc. action | 7 |
| Esc | 5 |
| Item give/drop | 2 |
| Remove unit | 2 |
25 units @ 3.3k
/ 0.3k
12 buildings @ 2k
/ 0.5k


| Rod of Necromancy | 3 | 450 |
| Orb of Corruption | 1 | 375 |
| total: | 4 | 825g |
| Acolyte | 8 | 600 | / | 0 |
| Ghoul | 10 | 1200 | / | 0 |
| Crypt Fiend | 4 | 860 | / | 160 |
| Obsidian Statue | 3 | 600 | / | 105 |
| total: | 25 | 3260g | / | 265w |
| Crypt | 1 | 200 | / | 50 |
| Altar of Darkness | 1 | 180 | / | 50 |
| Ziggurat | 4 | 600 | / | 200 |
| Tomb of Relics | 2 | 260 | / | 60 |
| Graveyard | 3 | 645 | / | 0 |
| Slaughterhouse | 1 | 140 | / | 135 |
| Halls of the Dead | 1 | 320 | / | 210 |
| Black Citadel | 1 | 325 | / | 230 |
| total: | 12 | 2025g | / | 495w |
| 0:03 | Acolyte |
| 0:03 | Acolyte |
| 0:11 | Crypt |
| 0:21 | Altar of Darkness |
| 0:33 | Ziggurat |
| 0:44 | Acolyte |
| 1:01 | Tomb of Relics |
| 1:12 | Ghoul |
| 1:20 | Ghoul |
| 1:37 | Ziggurat |
| 1:56 | Ghoul |
| 2:08 | Ghoul |
| 2:21 | Rod of Necromancy |
| 2:22 | Death Coil |
| 2:58 | Halls of the Dead |
| 3:09 | Graveyard |
| 3:10 | Graveyard |
| 3:25 | Ghoul |
| 4:17 | Graveyard |
| 4:19 | Ziggurat |
| 4:21 | Ghoul |
| 4:28 | Rod of Necromancy |
| 4:43 | Ghoul |
| 5:44 | Unholy Aura |
| 5:44 | Crypt Fiend |
| 6:00 | Slaughterhouse |
| 6:13 | Crypt Fiend |
| 6:38 | Rod of Necromancy |
| 6:48 | Black Citadel |
| 6:52 | Frost Nova |
| 7:10 | Obsidian Statue |
| 7:28 | Crypt Fiend |
| 7:41 | Ziggurat |
| 8:47 | Death Coil |
| 8:53 | Dark Ritual |
| 9:08 | Acolyte |
| 9:10 | Orb of Corruption |
| 9:56 | Acolyte |
| 10:40 | Acolyte |
| 10:41 | Acolyte |
| 11:01 | Crypt Fiend |
| 11:24 | Obsidian Statue |
| 11:54 | Frost Nova |
| 12:23 | Tomb of Relics |
| 12:24 | Acolyte |
| 12:56 | Ghoul |
| 12:57 | Ghoul |
| 13:24 | Ghoul |
| 13:43 | Unholy Aura |
| 14:25 | Obsidian Statue |
| Right click | 859 |
| Select group | 625 |
| Select | 242 |
| Misc. action | 71 |
| Build/train/purchase | 69 |
| Chat | 43 |
| Assign group | 34 |
| Use ability | 27 |
| Item give/drop | 3 |
โ